 Dungeon Crawl Stone Soup version 0.17.2-1-ge4368a0 (webtiles) character file.

471 Goblin1989 the Twirler (level 7, -8/40 HPs)
             Began as a Gargoyle Gladiator on Sept 10, 2016.
             Mangled by an orc warrior
             ... wielding a +1 glaive of protection
              (22 damage)
             ... on level 4 of the Dungeon.
             The game lasted 00:09:00 (3652 turns).

Goblin1989 the Twirler (Gargoyle Gladiator)         Turns: 3652, Time: 00:09:01

Health: -8/40      AC: 14    Str: 19    XL:     7   Next: 9%
Magic:  7/7        EV: 10    Int: 10    God:
Gold:   220        SH:  0    Dex: 10    Spells: 0 memorised, 6 levels left

rFire  . . .     SeeInvis .     a - +0 quarterstaff
rCold  . . .     Clarity  .     v - +0 scale mail
rNeg   + . .     SustAt   .     (shield currently unavailable)
rPois  ∞         Gourm    .     c - +0 helmet
rElec  +         Spirit   .     (no cloak)
rCorr  .         Warding  .     b - +2 pair of gloves
rMut   .         Stasis   .     (no boots)
MR     +....                    (no amulet)
Stlth  ..........               t - ring of wizardry
                                g - ring of protection from magic

@: somewhat resistant to hostile enchantments, extremely unstealthy
A: negative energy resistance 1, electricity resistance, unbreathing,
petrification resistance, rot immunity, AC +4
a: no special abilities


You were on level 4 of the Dungeon.
You were very hungry.

You visited 1 branch of the dungeon, and saw 4 of its levels.

You collected 220 gold pieces.

Inventory:

Hand Weapons
 a - a +0 quarterstaff (weapon)
Armour
 b - a +2 pair of gloves (worn)
 c - a +0 helmet (worn)
 v - a +0 scale mail (worn)
Jewellery
 g - a ring of protection from magic (left hand)
 t - a ring of wizardry (right hand)
Scrolls
 h - 2 scrolls of fear {unknown}
 i - 2 scrolls of identify {unknown}
 j - a scroll of immolation {unknown}
 k - 2 scrolls of remove curse {unknown}
 n - a scroll of fog {unknown}
 o - 2 scrolls of teleportation {unknown}
 s - a scroll of magic mapping {unknown}
Potions
 f - a potion of curing {unknown}
 l - a potion of beneficial mutation {unknown}
 m - a potion of resistance {unknown}
 p - 2 potions of might {unknown}
 u - a potion of lignification {unknown}
 w - a potion of haste {unknown}
Comestibles
 e - 2 bread rations
 q - 3 meat rations
 r - a slice of pizza


   Skills:
 - Level 2.1 Fighting
 + Level 7.8 Staves
 - Level 1.7 Throwing
 - Level 2.4 Dodging


You had 6 spell levels left.
You didn't know any spells.

Dungeon Overview and Level Annotations

Branches:
Dungeon (4/15)
 Temple: D:4-7

Altars:
Qazlal
Ru


Innate Abilities, Weirdness & Mutations

You are resistant to torment.
Your stone body is resilient (AC +4).
You are immune to poison.
You resist negative energy.
You are resistant to electric shocks.
You can survive without breathing.
You are immune to petrification.
You are immune to rotting.


Message History

The orc warrior hits you with a glaive of protection.
You take 5 damage, and have 13/40 hp.
You closely miss the orc warrior.
The orc warrior is almost dead.
You closely miss the orc warrior.
The orc warrior is almost dead.
The orc warrior hits you but does no damage.
You barely miss the orc warrior.
The orc warrior is almost dead.
The orc warrior hits you but does no damage.
You closely miss the orc warrior.
The orc warrior is almost dead.
You closely miss the orc warrior.
The orc warrior is almost dead.
The orc warrior hits you but does no damage.
You hit the orc warrior.
The orc warrior is almost dead.
The orc warrior hits you with a glaive of protection!!
Ouch! That really hurt!
You die...

.#†#.## #.# #.#
.#.#..# #.# #.#
......# #.# #.#
.###..# #.# #.# .#
#..###.###>#
.###..##......####
......##.........#
#####.##.#######)#
#.## #@# #.# #o#
#.# #.# #.# .(#
#####.# .##
......# #. #######
#. #.


You could see an orc warrior.

Vanquished Creatures
  An ice beast (D:4)
  An ogre (D:4)
  A scorpion (D:4)
  A hound (D:4)
  An iguana (D:4)
  4 gnolls
  7 adders
  An ooze (D:2)
  4 worms
  2 giant geckos
  4 orcs (D:4)
  9 bats
  4 giant cockroaches
  5 hobgoblins
  5 jackals
  2 quokkas
  A giant gecko skeleton (D:4)
  5 giant newts (D:1)
  10 goblins
  5 kobolds
  9 rats
82 creatures vanquished.

Notes
Turn   | Place    | Note
--------------------------------------------------------------
     0 | D:1      | Goblin1989 the Gargoyle Gladiator began the quest for the Orb.
     0 | D:1      | Reached XP level 1. HP: 12/12 MP: 1/1
   226 | D:1      | Reached XP level 2. HP: 17/17 MP: 2/2
   773 | D:1      | Reached skill level 4 in Staves
   809 | D:1      | Reached XP level 3. HP: 11/21 MP: 3/3
  1651 | D:2      | Found a sacrificial altar of Ru.
  1769 | D:2      | Reached XP level 4. HP: 26/26 MP: 4/4
  1818 | D:2      | Reached skill level 5 in Staves
  2245 | D:2      | Reached XP level 5. HP: 28/30 MP: 5/5
  2823 | D:3      | Reached skill level 6 in Staves
  2869 | D:3      | Found a stormy altar of Qazlal.
  3464 | D:4      | Noticed an ice beast
  3485 | D:4      | Killed an ice beast
  3485 | D:4      | Reached skill level 7 in Staves
  3485 | D:4      | Reached XP level 6. HP: 35/35 MP: 6/6
  3488 | D:4      | Noticed an ogre
  3501 | D:4      | Killed an ogre
  3547 | D:4      | Reached XP level 7. HP: 35/40 MP: 7/7
  3623 | D:4      | Noticed an orc warrior
  3652 | D:4      | Mangled by an orc warrior

Action                   |  1- 3 |  4- 6 |  7- 9 || total
-------------------------+-------+-------+-------++-------
Melee: Quarterstaff      |   116 |   178 |    48 ||   342
Throw: Throwing net      |       |     5 |     1 ||     6
 Stab: Held in net/web   |       |     2 |       ||     2
  Eat: Chunk             |     2 |     6 |       ||     8
